 Dungeon Crawl Stone Soup version 0.31-a0-426-g3a05650e59 (webtiles) character file.

Game seed: 10742707439205688781

9723 Flugkiller the Grappler (level 11, 0/58 (60) HPs)
             Began as a Vine Stalker Shapeshifter on July 30, 2023.
             Slain by a water moccasin (3 damage)
             ... on level 1 of the Lair of Beasts.
             The game lasted 00:19:14 (8774 turns).

Flugkiller the Grappler (Vine Stalker Shapeshifter) Turns: 8774, Time: 00:19:14

HP:   0/58 (60)     AC: 14    Str: 21    XL:     11   Next: 50%
MP:   0/12          EV: 13    Int:  8    God:
Gold: 448           SH:  0    Dex: 16    Spells: 10/10 levels left

rFire   . .          .
                       - Unarmed
rCold   . . .        (no shield)
rNeg    . . .        n - +3 plate armour
rPois   .            (helmet currently unavailable)
rElec   .            (cloak currently unavailable)
rCorr   .            (gloves currently unavailable)
SInv    .            (boots currently unavailable)
Will    +....        (no amulet) Stlth
                     f - ring of flight
HPRegen 1.09/turn    v - +5 ring of evasion
MPRegen 0.13/turn

%: guardian spirit
@: beast-form, flying, lightly drained
A: beast (slay +5), fangs 3, regeneration 1, magic shield, antimagic bite, no
potion heal 2
a: Begin Untransformation


You were on level 1 of the Lair of Beasts.
You were a hulking beast.
You visited 3 branches of the dungeon, and saw 13 of its levels.
You also visited: Bailey.

You collected 448 gold pieces.

Inventory:

Missiles
 G - a throwing net
Armour
 e - a +0 pair of boots
   (You found it on level 7 of the Dungeon)
 n - a +3 plate armour (worn)
   (You took it off an orc warrior in a bailey)
 w - +0 steam dragon scales
   (You found it on level 7 of the Dungeon)
 y - a scarf of repulsion
   (You found it on level 5 of the Dungeon)
Jewellery
 f - a ring of flight (left hand)
   (You found it on level 5 of the Dungeon)
 p - a ring of protection from cold
   (You found it on level 1 of the Dungeon)
 v - a +5 ring of evasion (right hand)
   (You found it on level 6 of the Dungeon)
Talismans
 c - a beast talisman (active)
Wands
 b - a wand of paralysis (7)
   (You found it on level 5 of the Dungeon)
 k - a wand of iceblast (5)
   (You found it on level 6 of the Dungeon)
 I - a wand of acid (3)
   (You found it on level 10 of the Dungeon)
Scrolls
 a - 2 scrolls of summoning
 g - a scroll of enchant armour
 i - a scroll of revelation
 j - 3 scrolls of fog
 t - 4 scrolls of teleportation
 u - a scroll of silence
 x - 3 scrolls of fear
 B - a scroll of acquirement
 C - a scroll of vulnerability
 D - a scroll of immolation {unknown}
 E - a scroll of torment {unknown}
Potions
 d - a potion of might
 h - 3 potions of haste
 l - a potion of lignification
 m - 2 potions of cancellation
 o - 3 potions of enlightenment
 q - 6 potions of curing
 s - a potion of magic
 F - a potion of berserk rage {unknown}
 H - a potion of resistance {unknown}
Miscellaneous
 z - a phial of floods
   (You found it in a bailey)
 A - a condenser vane (inert)
   (You found it in a bailey)


   Skills:
 + Level 7.8 Fighting
 + Level 4.3 Armour
 - Level 6.0 Dodging
 + Level 9.6 Unarmed Combat
 - Level 4.0 Evocations
 + Level 7.4 Shapeshifting


You had 10 spell levels left.
You didn't know any spells.
Your spell library contained the following spells:

 Spells                   Type           Power      Damage    Failure   Level
 Shock                    Conj/Air       0%         1d3       100%        1
 Blink                    Tloc           0%         N/A       100%        2
 Lesser Beckoning         Tloc           0%         N/A       100%        2
 Momentum Strike          Conj/Tloc      0%         3d8       100%        2
 Sublimation of Blood     Necr           0%         N/A       100%        2
 Wereblood                Tmut           0%         N/A       100%        2
 Swiftness                Air            0%         N/A       100%        3
 Vhi's Electric Charge    Tloc/Air       0%         N/A       100%        3
 Airstrike                Air            0%         2d(0-16)  100%        4
 Animate Dead             Necr           0%         N/A       100%        4
 Manifold Assault         Tloc           0%         N/A       100%        4
 Arcjolt                  Conj/Air       0%         1d10      100%        5
 Borgnjor's Vile Clutch   Necr/Erth      0%         N/A       100%        5
 Death Channel            Necr           0%         N/A       100%        6
 Dispersal                Tloc           0%         N/A       100%        6
 Summon Hydra             Summ           0%         N/A       100%        7
 Disjunction              Tloc           0%         N/A       100%        8
 Maxwell's Capacitive Co  Air            0%         ∞         100%        8


Dungeon Overview and Level Annotations

Branches:
Dungeon (11/15) Zot: 26561  Temple (1/1) D:5 Zot: 5998    Lair (1/5) D:10 Zot: 5980
    Orc (0/2) D:10         Bailey (visited)

Altars:
Ashenzari
Cheibriados
Dithmenos
Elyvilon
Fedhas
Gozag
Hepliaklqana
Kikubaaqudgha
Makhleb
Nemelex Xobeh
Okawaru
Qazlal
Ru
Sif Muna
Trog
Uskayaw
Vehumet
Xom
Yredelemnul
Zin
The Shining One

Shops:
D:8 :   D:9 (

Annotations:
D:6 1 runed translucent door, Crazy Yiuf


Innate Abilities, Weirdness & Mutations

You are a hulking beast.
Your limbs bulge with bestial killing power. (Slay +5)
You have razor-sharp teeth.
Your natural rate of healing is unusually fast.
When hurt, damage is shared between your health and your magic reserves.
Your bite disrupts and absorbs the magic of your enemies.
Potions cannot restore your health.


Message History

The skeletal warrior barely misses you.
There is a stone staircase leading down here.
HP restored.
The skeletal warrior barely misses you.
You fly downwards.
There is a stone staircase leading up here.
Magic restored.
You see here a scroll of amnesia.
There is a staircase to the Lair here.
You fly downwards.
Welcome to the Lair of Beasts!
A sourceless malevolence fills the Lair of Beasts...
With a horrendous wail, an alarm goes off!
A sentinel's mark forms upon you.
You hear a deafening roar! x5; You hear an angry hiss.
You hear a loud, deep croak!
You hear a croak.
You hear an angry hiss.
You hear a loud, deep croak!
You hear an angry hiss.
You hear a howl! x3
You hear an angry hiss. x2
Found a robe and 4 stones.
There is a staircase back to the Dungeon here.
You fly upwards.
Welcome back to the Dungeon!
There is a staircase to the Lair here.
You start waiting.
The sentinel's mark upon you fades away.
You fly downwards.
Welcome back to the Lair of Beasts!
A hell rat comes into view.
There is a staircase back to the Dungeon here.
A hell rat comes into view. x2
You punch the hell rat! You bite the hell rat.
You kill the hell rat!
You hit the hell rat.
The hell rat is moderately wounded.
The hell rat closely misses you.
There is a staircase back to the Dungeon here.
You closely miss the hell rat. Your bite misses the hell rat.
The hell rat is moderately wounded.
The hell rat bites you.
You feel drained.
You hit the hell rat. You bite the hell rat. You drain its power.
You feel invigorated.
The hell rat is almost dead.
A water moccasin comes into view.
The hell rat bites you!
You feel drained. The hell rat barely misses you.
A cane toad comes into view.
The cane toad croaks.
You punch the hell rat!
You kill the hell rat!
The hell rat closely misses you.
You closely miss the hell rat. You bite the hell rat. You drain its power.
You feel invigorated.
The hell rat is moderately wounded.
The hell rat bites you but does no damage.
The hell rat misses you.
The hell rat bites the plant!
The plant begins to die.
You pummel the hell rat!!
You kill the hell rat!
The hell rat barely misses you.
The hell rat bites the plant!
You punch the water moccasin!
The water moccasin is moderately wounded.
The water moccasin bites you.
A water moccasin comes into view.
The hell rat barely misses you.
The hell rat bites the plant.
You punch the water moccasin! Your punch misses the water moccasin.
You bite the water moccasin. You drain its power.
The water moccasin is almost dead.
The water moccasin bites you but does no damage.
The hell rat bites you but does no damage.
The hell rat bites the plant!
You pummel the water moccasin!!
You kill the water moccasin!
The hell rat bites you but does no damage.
The hell rat bites the plant!
You punch the cane toad! x2
The cane toad is heavily wounded.
The cane toad stings you!
You are poisoned.
The cane toad poisons you! The hell rat barely misses you.
The hell rat bites the plant!!
You pummel the cane toad!!
You kill the cane toad!
You feel very sick.
A nearby plant withers and dies.
The hell rat bites you.
Your life force feels restored.
You hit the hell rat but do no damage. You punch the hell rat!
The hell rat is heavily wounded.
You feel very sick.
The hell rat bites you but does no damage.
The hell rat bites you.
Okay, then.
The hell rat attacks as you move away! The hell rat bites you!
* * * LOW HITPOINT WARNING * * *
You feel drained.
* * * LOW HITPOINT WARNING * * *
You feel very sick.
Your system rejects the healing.
You feel better.
You punch the hell rat!
You kill the hell rat!
The hell rat closely misses you.
You barely miss the hell rat.
You bite the hell rat, but do no damage.
The hell rat bites you!
* * * LOW HITPOINT WARNING * * *
The water moccasin bites you.
You die...

... #( #...
#.. #.8. #...
#.#. #....
##...###....#
#.....#....#
#P.†.....#
####S...##
#hr..##
#....##
.....##
......##
....[..#.
......# #
##.### ##


You could see a water moccasin and a hell rat.

Vanquished Creatures
  2 two-headed ogres (D:10)
  An orc knight (Bailey)
  A deep elf zephyrmancer (Bailey)
  A cane toad (Lair:1)
  A troll (D:10)
  A hornet (D:7)
  Prince Ribbit (D:7)
  Sigmund (D:2)
  A wyvern (D:7)
  14 yaks (D:9)
  2 steam dragons
  2 vampire mosquitoes
  An acid dragon (D:9)
  2 water moccasins
  A black bear (D:6)
  10 orc warriors
  4 centaurs
  2 kobold brigands
  2 phantoms (D:5)
  Blork the orc (D:6)
  3 bullfrogs
  4 scorpions
  9 killer bees
  5 howler monkeys
  3 hounds
  2 jellies
  2 orc priests
  A gnoll bouda (D:8)
  3 sleepcaps
  Jessica (D:2)
  3 iguanas
  11 orc wizards
  4 hell rats (Lair:1)
  Robin (D:2)
  4 gnolls (D:8)
  4 adders
  A white imp (D:7)
  An ufetubus (D:5)
  4 dart slugs
  33 orcs
  4 ball pythons
  5 endoplasms
  A giant cockroach (D:2)
  12 goblins
  12 hobgoblins
  2 jackals (D:4)
  A quokka (D:1)
  5 bats
  12 frilled lizards
  13 kobolds
  5 rats
222 creatures vanquished.

Notes
Turn   | Place    | Note
-------+----------+-------------------------------------------
     0 | D:1      | Flugkiller the Vine Stalker Shapeshifter began the quest
                  | for the Orb.
     0 | D:1      | Reached XP level 1. HP: 9/9 MP: 2/2
    91 | D:1      | Reached skill level 1 in Fighting
   207 | D:1      | Reached XP level 2. HP: 15/15 MP: 3/3
  1254 | D:2      | Reached XP level 3. HP: 19/19 MP: 4/4
  1743 | D:2      | Noticed Jessica
  1750 | D:2      | Killed Jessica
  1751 | D:2      | Gained mutation: Your natural rate of healing is unusually
                  | fast. [Vine Stalker growth]
  1751 | D:2      | Reached XP level 4. HP: 15/24 MP: 3/5
  1787 | D:2      | Noticed Sigmund
  1806 | D:2      | Killed Sigmund
  1807 | D:2      | Reached skill level 4 in Unarmed Combat
  1807 | D:2      | Reached XP level 5. HP: 28/28 MP: 6/6
  1856 | D:2      | Noticed Robin
  1867 | D:2      | Reached XP level 6. HP: 32/32 MP: 7/7
  1872 | D:2      | Killed Robin
  2609 | D:3      | Found a basalt altar of Yredelemnul.
  2642 | D:3      | Found a stormy altar of Qazlal.
  2774 | D:3      | Found a hazy altar of Hepliaklqana.
  2785 | D:3      | Found a shimmering blue altar of Sif Muna.
  3015 | D:3      | Found a faded altar of an unknown god.
  3051 | D:3      | Found a hide-covered altar of Uskayaw.
  3393 | D:4      | Reached skill level 5 in Unarmed Combat
  3406 | D:4      | Identified the +5 spear of the Uplifting Gods {drain,
                  | *Noise Str+3}
  3671 | D:5      | Entered Level 5 of the Dungeon
  3705 | D:5      | Reached XP level 7. HP: 27/37 MP: 5/8
  3927 | D:5      | Reached skill level 6 in Unarmed Combat
  4014 | D:5      | Found a staircase to the Ecumenical Temple.
  4102 | Temple   | Entered the Ecumenical Temple
  4156 | D:5      | Gained mutation: You have razor-sharp teeth. [Vine Stalker
                  | growth]
  4156 | D:5      | Reached XP level 8. HP: 42/42 MP: 9/9
  4570 | D:6      | Found a white marble altar of Elyvilon.
  4632 | D:6      | Reached skill level 5 in Fighting
  4652 | D:6      | Noticed Blork the orc
  4659 | D:6      | Killed Blork the orc
  4660 | D:6      | Reached skill level 7 in Unarmed Combat
  4744 | D:6      | Reached skill level 5 in Shapeshifting
  4899 | D:6      | Found a runed translucent door.
  4900 | D:6      | Noticed Crazy Yiuf
  5046 | D:7      | Noticed Prince Ribbit
  5051 | D:7      | Noticed a hornet
  5052 | D:7      | Killed Prince Ribbit
  5061 | D:7      | Killed a hornet
  5062 | D:7      | Reached XP level 9. HP: 21/47 MP: 10/10
  5076 | D:7      | Reached skill level 5 in Dodging
  5076 | D:7      | Reached skill level 1 in Evocations
  5147 | D:7      | Found a flagged portal.
  5168 | D:7      | Found a snail-covered altar of Cheibriados.
  5171 | D:7      | Identified the +6 spear "Soriha" {flame, rCorr Str+3}
  5176 | Bailey   | Entered a bailey
  5260 | Bailey   | Noticed an orc knight
  5420 | Bailey   | HP: 1/47 [orc knight/+0 glaive (12)]
  5502 | Bailey   | Killed an orc knight
  5537 | Bailey   | Found a large runed translucent door.
  5537 | Bailey   | Found a large runed translucent door.
  5538 | Bailey   | Noticed a deep elf zephyrmancer
  5605 | Bailey   | Killed a deep elf zephyrmancer
  5606 | Bailey   | Reached XP level 10. HP: 53/53 MP: 11/11
  5620 | Bailey   | Identified the +0 scale mail "Tillem" {rElec rF+ Dex+3}
  5772 | D:7      | Found a shadowy altar of Dithmenos.
  5847 | D:7      | Reached skill level 8 in Unarmed Combat
  5853 | D:7      | Found an iron altar of Okawaru.
  6338 | D:8      | Found a glowing silver altar of Zin.
  6341 | D:8      | Noticed an angel
  6347 | D:8      | Found a shimmering altar of Xom.
  6369 | D:8      | Reached skill level 1 in Armour
  6420 | D:8      | Found Vuratucs's Vocational Training.
  6640 | D:8      | You are sucked into a shaft and drop 1 floor!
  6662 | D:9      | Found Egrupile's Antique Weapon Shop.
  6816 | D:9      | Identified the +6 trident "Idghiet" {venom, rPois Int+2
                  | SInv Stlth-}
  7351 | D:9      | Reached XP level 11. HP: 44/58 MP: 12/12
  7355 | D:9      | Reached skill level 9 in Unarmed Combat
  7627 | D:10     | Entered Level 10 of the Dungeon
  7632 | D:10     | Noticed a two-headed ogre
  7640 | D:10     | Killed a two-headed ogre
  7659 | D:10     | Identified a scroll of acquirement
  7689 | D:10     | Found a staircase to the Lair.
  7891 | D:10     | Found a staircase to the Orcish Mines.
  7979 | D:10     | Noticed a two-headed ogre
  8230 | D:10     | Killed a two-headed ogre
  8281 | D:10     | Found a glowing golden altar of the Shining One.
  8317 | D:11     | Noticed a skeletal warrior
  8317 | D:11     | Noticed a skeletal warrior
  8317 | D:11     | Noticed a skeletal warrior
  8723 | Lair:1   | Entered Level 1 of the Lair of Beasts
  8774 | Lair:1   | Slain by a water moccasin

Illustrated notes

Levels and vault maps discovered:
D:1:      dreamdust_arrival_sigmund_warning, layout_basic
D:2:      layout_loops_ring, minmay_lizard_pond, uniq_jessica, uniq_robin,
          uniq_sigmund
D:3:      layout_loops_ring, mainiacjoe_overflow_alcove_2,
          nicolae_overflow_quartered_altars,
          dreamdust_ecumenical_altar_sealed_demon
D:4:      layout_rooms
D:5:      layout_rooms, minmay_temple_entry_poolview
D:6:      layout_loops_ring, mainiacjoe_overflow_six_doors_small,
          kennysheep_generic_room_13, uniq_crazy_yiuf_cottage,
          uniq_blork_the_orc
D:7:      layout_loops_cross, nicolae_dithmenos_shadow_blocks,
          cheibriados_altar_1, okawaru_ov_weapons_minmay, enter_bailey_2,
          uniq_prince_ribbit1
D:8:      layout_loops_cross, grunt_temple_overflow_order_and_chaos_1,
          pdpol_wu_jian_five_deadly_venoms, minmay_misc_feat_nine_boxes,
          nicolae_shop_vocational
D:9:      nicolae_BIG_FREAKIN_CUBE, layout_cave_pools, serial_shops,
          kennysheep_little_box, hangedman_corner_corridor
D:10:     nicolae_hitomezashi [nicolae_hito_row, nicolae_hito_row,
          nicolae_hito_row, nicolae_hito_row, nicolae_hito_row,
          nicolae_hito_row, nicolae_hito_row, nicolae_hito_row,
          nicolae_hito_row, nicolae_hito_row, nicolae_hito_row,
          nicolae_hito_row, nicolae_hito_row, nicolae_hito_row,
          nicolae_hito_row, nicolae_hito_row, nicolae_hito_row,
          nicolae_hito_row], layout_rooms, tso_altar, orc_0_dummy
D:11:     layout_cave_pods, hive_lemuel
Temple:   hellmonk_temple_beads
Lair:1:   layout_hall_layers, grunt_megastairs_5

Skill      XL: |  1  2  3  4  5  6  7  8  9 10 11 |
---------------+----------------------------------+-----
Fighting       | 1 2 3 4 5 6 7 |  7.8
Unarmed Combat | 4 5 6 7 8 9 |  9.6
Shapeshifting  | 4 5 6 7 |  7.4
Dodging        | 4 6 |  6.0
Evocations     | 4 |  4.0
Armour         | 3 4 |  4.3

Action                     |  1- 3 |  4- 6 |  7- 9 | 10-12 || total
---------------------------+-------+-------+-------+-------++-------
  Melee: Unarmed           |    74 |   117 |   193 |   229 ||   613
         Bite              |    15 |    31 |    59 |    85 ||   190
         Punch             |       |     3 |    14 |    17 ||    34
  Evoke: Wand              |       |       |    12 |     6 ||    18
         Condenser vane    |       |       |       |     1 ||     1
    Use: Potion            |       |     3 |     2 |     2 ||     7
         Scroll            |       |     4 |     8 |     5 ||    17
   Stab: Sleeping          |     1 |       |       |       ||     1
         Paralysed         |       |       |    17 |     4 ||    21
 Armour: Animal skin       |    11 |       |       |       ||    11
         Ring mail         |     1 |     7 |       |       ||     8
         Skin              |       |     3 |       |       ||     3
         Scale mail        |       |    22 |    31 |       ||    53
         Steam dragon scal |       |       |     2 |       ||     2
         Plate armour      |       |       |       |    85 ||    85
  Dodge: Dodged            |    45 |    48 |   144 |   144 ||   381

Table legend: (Time is in decaauts)
 A = Elapsed time spent in this place.
 B = Non-inter-level travel time spent in this place.
 C = Inter-level travel time spent in this place.
 D = Time resting spent in this place.
 E = Time spent auto-exploring this place.
 F = Levels seen in this place.
 G = Mean time per level.
                   A        B        C        D        E       F      G
               +--------+--------+--------+--------+--------+-----+--------+
         Total |   8683 |   7743 |    940 |    507 |   5016 |  14 |  620.2 |
       Dungeon |   8180 |   7240 |    940 |    507 |   4914 |  11 |  743.6 |
        Temple |      1 |      1 |      0 |      0 |      0 |   1 |    1.0 |
          Lair |     18 |     18 |      0 |      0 |      0 |   1 |   18.0 |
        Bailey |    482 |    482 |      0 |      0 |    102 |   1 |  482.0 |
               +--------+--------+--------+--------+--------+-----+--------+

Top non-repeatable levels by time:
     D:1: 1546 daAuts
     D:9: 1097 daAuts
    D:10: 964 daAuts
     D:2: 837 daAuts
     D:3: 823 daAuts
     D:7: 707 daAuts
     D:6: 685 daAuts
     D:5: 612 daAuts
  Bailey: 482 daAuts
     D:8: 453 daAuts
     D:4: 450 daAuts
  Lair:1: 18 daAuts
  Temple: 1 daAuts
    D:11: 1 daAuts
